Map: Blueshift LE

Players

KaasGrater

  • Race: Protoss Protoss
  • League: Diamond
  • Spawn Location: 7:00

reepz - Winner!

  • Race: Terran Terran
  • League: Diamond
  • Spawn Location: 1:00

VOD

Have the link to the VOD?

Description

Time

  • Played on: Sept. 9, 2018, 5:22 a.m.
  • Length: 11:33
Show
View Real Time Build Order
Export as new Build Order

KaasGrater Protoss 

Build Orders: 1 Gate Expand, Oracle Opening 

Get SALT Encoding   

  12  0:00  Probe  
  13  0:12  Probe  
  14  0:21  Pylon  
  14  0:25  Probe  
  15  0:39  Probe  
  15  0:40  Gateway  
  16  0:48  Probe  
  16  0:49  Assimilator  
  16  0:56  Probe  
  18  1:06  Probe  
  19  1:18  Probe  
  20  1:29  Nexus  
  20  1:35  Probe  
  21  1:42  Cybernetics Core  
  21  1:48  Assimilator  
  21  1:51  Probe  
  22  2:04  Pylon  
  22  2:05  Probe  
  23  2:20  Stalker  
  23  2:22  Probe  
  25  2:30  Warp Gate  
  25  2:33  Probe  
  26  2:37  Probe  
  26  2:38  Stargate  
  26  2:41  Probe  
  27  2:45  Probe  
  27  2:49  Probe  
  29  2:52  Stalker  
  29  2:55  Probe  
  33  3:00  Probe  
  34  3:06  Probe  
  36  3:12  Probe  
  36  3:13  Pylon  
  36  3:15  Probe  
  37  3:25  Probe  
  38  3:33  Oracle, Probe  
  41  3:37  Probe  
  43  3:41  Shield Battery, Probe  
  43  3:48  Stalker  
  44  3:49  Probe  
  44  3:50  Probe  
  44  3:55  Shield Battery  
  46  4:01  Probe  
  46  4:02  Pylon  
  47  4:06  Oracle  
  47  4:07  Gateway  
  49  4:25  Probe x2  
  49  4:27  Assimilator  
  49  4:31  Assimilator  
  51  4:36  Gateway  
  51  4:37  Oracle, Probe x2  
  53  4:38  Pylon  
  56  4:49  Probe  
  56  4:52  Pylon  
  57  5:01  Sentry  
  59  5:24  Probe  
  60  5:32  Gateway  
  60  5:34  Gateway, Zealot  
  62  5:36  Gateway  
  62  5:38  Gateway  
  62  5:40  Gateway  
  62  5:44  Zealot x2  
  66  5:51  Pylon  
  66  5:53  Pylon  
  66  5:55  Pylon  
  66  6:02  Stalker  
  68  6:06  Stalker x2  
  72  6:20  Pylon  
  72  6:21  Pylon  
  72  6:36  Stalker  
  72  6:37  Stalker  
  76  6:46  Zealot  
  73  6:56  Stalker x3  
  73  6:57  Stalker x2  
  83  7:12  Zealot x3  
  68  7:32  Stalker x6  
  68  7:33  Stalker x2  
  42  7:55  Sentry x2  
  42  7:56  Zealot x3  
  42  7:57  Zealot x3  
  56  8:20  Zealot x6  
  69  8:28  Robotics Facility  
  66  8:50  Nexus  
  57  10:26  Pylon  
  57  10:28  Pylon  
  57  10:29  Pylon  
  57  10:31  Pylon  
  57  10:32  Pylon  
  57  10:45  Nexus  
Show
View Real Time Build Order
Export as new Build Order

reepz Terran - Winner!

Build Orders:  

Get SALT Encoding   

  12  0:01  SCV  
  13  0:14  SCV  
  14  0:17  Supply Depot  
  14  0:26  SCV  
  15  0:39  SCV  
  15  0:40  Barracks  
  16  0:51  SCV, Refinery  
  17  1:03  SCV  
  18  1:15  SCV  
  19  1:27  SCV  
  19  1:31  Marine  
  21  1:40  Orbital Command  
  21  1:47  Command Center  
  21  1:54  Refinery  
  21  2:06  Factory  
  21  2:15  SCV  
  22  2:17  Supply Depot  
  22  2:23  Barracks Reactor  
  22  2:27  SCV  
  23  2:39  SCV  
  24  2:51  SCV  
  25  3:00  Orbital Command  
  28  3:05  Cyclone x2  
  31  3:16  Starport  
  31  3:17  SCV  
  31  3:18  Orbital Command  
  32  3:22  Barracks Reactor  
  32  3:29  SCV  
  33  3:38  Hellion x2  
  37  3:45  SCV x2  
  39  3:48  Refinery  
  39  3:52  Refinery  
  39  3:53  Supply Depot  
  39  3:57  SCV  
  40  4:04  Barracks Tech Lab, Cyclone, Widow Mine  
  40  4:05  SCV  
  40  4:09  Liberator  
  46  4:15  SCV  
  47  4:24  SCV  
  47  4:26  Viking, Engineering Bay  
  47  4:27  SCV  
  54  4:41  Supply Depot  
  54  4:45  Armory  
  54  4:52  Concussive Shells  
  54  4:58  Supply Depot  
  54  5:03  SCV x2, Marauder  
  58  5:09  Missile Turret  
  58  5:15  SCV x2  
  58  5:20  Cyclone  
  63  5:26  Liberator  
  63  5:27  SCV  
  64  5:28  Missile Turret  
  64  5:39  Terran Vehicle And Ship Armor Level 1  
  64  5:42  Hellion  
  69  5:52  Supply Depot  
  69  5:53  Marauder  
  69  5:56  Hellion  
  73  5:58  Viking  
  73  6:02  SCV x2  
  77  6:19  Cyclone, Hellion  
  82  6:45  Viking, Hellion  
  86  6:48  Liberator  
  86  7:03  Supply Depot  
  86  7:05  Hellion, Supply Depot, Marauder  
  92  7:24  Cyclone  
  92  7:27  Marauder  
  87  7:30  Liberator  
  87  7:32  Viking, Hellion  
  83  7:47  Liberator  
  86  7:53  Cyclone  
  86  7:57  Widow Mine  
  91  7:59  Marauder  
  91  8:01  Terran Vehicle And Ship Armor Level 2  
  96  8:26  Hellion x2  
  100  8:27  Marauder  
  100  8:30  SCV x2  
  104  8:35  Supply Depot  
  104  8:42  SCV x2  
  104  9:06  Liberator x2  
  104  9:22  Widow Mine x2  
  114  9:24  Marauder  
  116  9:46  Supply Depot, Marauder  
  116  9:49  Supply Depot  
  118  10:05  Liberator x2  
  118  10:07  Cyclone  
  121  10:19  Marauder  
  121  10:20  Cyclone  
  132  10:43  Cyclone  
  132  10:47  Marauder  
  106  11:08  Marauder  
Tags
 
Add a new tag
Caveats
  • Supply blocks, unpowered buildings, or Contaminate may cause inaccurate times.
  • Supply counts are checked every 10 seconds.